 Dungeon Crawl Stone Soup version 0.21-a0-414-gba8bdf1 (webtiles) character file.

49 sagitran the Chucker (level 3, -2/37 HPs)
             Began as an Ogre Hunter on Nov 2, 2017.
             Slain by a gnoll
             ... wielding a +0 spear
              (9 damage)
             ... on level 2 of the Dungeon.
             The game lasted 00:07:27 (2199 turns).

sagitran the Chucker (Ogre Hunter)                  Turns: 2199, Time: 00:07:27

Health: -2/37      AC:  3    Str: 17    XL:     3   Next: 77%
Magic:  3/3        EV: 13    Int: 12    God:
Gold:   76         SH:  0    Dex:  9    Spells: 2/2 levels left

rFire    . . .     SeeInvis .   a - +0 short sword
rCold    . . .     Gourm    .   (no shield)
rNeg     . . .     Faith    .   b - +0 robe
rPois    .         Spirit   .   (helmet restricted)
rElec    .         Reflect  .   (no cloak)
rCorr    .         Harm     .   (gloves unavailable)
MR       .....                  (boots unavailable)
Stlth    ++........             (no amulet)
HPRegen  0.12/turn              g - +3 ring of evasion
MPRegen  0.08/turn              n - ring of stealth

@: no status effects
A: unfitting armour, tough skin 1
a: no special abilities


You were on level 2 of the Dungeon.
You were not hungry.

You visited 1 branch of the dungeon, and saw 2 of its levels.

You collected 76 gold pieces.

Inventory:

Hand Weapons
 a - a +0 short sword (weapon)
 q - a +0 club
Missiles
 c - 4 large rocks (quivered)
 d - 2 throwing nets
Armour
 b - a +0 robe (worn)
Jewellery
 g - a +3 ring of evasion (left hand)
 l - an uncursed ring of positive energy
 m - an uncursed ring of resist corrosion
 n - a ring of stealth (right hand)
Scrolls
 h - 2 scrolls of recharging {unknown}
 i - a scroll of immolation {unknown}
 o - 2 scrolls of identify
Potions
 e - a potion of brilliance {unknown}
 k - a potion of flight {unknown}
 p - 2 potions of curing {unknown}
 r - 2 potions of cancellation {unknown}
 t - a potion of mutation {unknown}
Comestibles
 f - 2 bread rations
 j - a royal jelly
 s - 2 chunks of flesh


   Skills:
 + Level 3.3 Fighting
 + Level 0.9 Short Blades
 + Level 4.4 Throwing
 + Level 2.3 Dodging
 + Level 0.9 Stealth


You had 2 spell levels left.
You didn't know any spells.

Dungeon Overview and Level Annotations

Branches:
Dungeon (2/15)

Altars:


Innate Abilities, Weirdness & Mutations

You are too large for most types of armour.
You have tough skin. (AC +1)


Message History

The gnoll hits you from afar with a halberd!
The gnoll hits you with a flail.
* * * LOW HITPOINT WARNING * * *
You hit the gnoll.
The gnoll is lightly wounded.
The gnoll barely misses you.
You barely miss the gnoll.
The gnoll is lightly wounded.
The gnoll barely misses you.
Some of the chunks of flesh in your inventory have rotted away.
You open the door.
The gnoll hits you from afar with a spear!
* * * LOW HITPOINT WARNING * * *
There is an open door here.
You see here a quarterstaff.
Found 10 gold pieces.
You see here 10 gold pieces.
You open the door.
The gnoll hits you from afar with a spear!
You die...

#..##.# .......#........#
......#
######.#.##.#.######.#
...####
................#####.# ...#
..........##K........... ...#
#..# #..K..g.g........ ...#
.<).. ##.######'####### ...#
.##.... #.# #..g.# ##
...####.##%..(.###g# #....#
#. ##h.....##.....'@$.#
#....# #.
...............#########....#
#. ##.####.##....
#...........# ## #....# .....
#g#####.....# #.##.# #####
#.#####.....# #.##.# #...#
#g##........# #.##.# #.#.#
#g##.####.### ##.##.## #.#.#
#.##.# #.# ....<..# #.#.#
#.##)####.#


You could see a gnoll.

Vanquished Creatures
  2 adders (D:2)
  A leopard gecko (D:1)
  2 bats (D:1)
  4 giant cockroaches
  6 goblins
  3 hobgoblins
  3 jackals (D:2)
  5 frilled lizards
  3 rats
29 creatures vanquished.

Notes
Turn   | Place    | Note
-------+----------+-------------------------------------------
     0 | D:1      | sagitran the Ogre Hunter began the quest for the Orb.
     0 | D:1      | Reached XP level 1. HP: 22/22 MP: 1/1
   464 | D:1      | Reached XP level 2. HP: 27/29 MP: 2/2
  1391 | D:2      | Reached XP level 3. HP: 17/37 MP: 3/3
  2199 | D:2      | Slain by a gnoll

Vault maps used:
D:1:      ncdulo_smallfort, minmay_strange_pillars

Skill      XL: |  1  2 |
---------------+-------+-----
Dodging        | 2 |  2.3
Fighting       | 3 |  3.3
Short Blades   | |  0.9
Throwing       | |  4.4
Stealth        | |  0.9

Action                   || total
-------------------------++-------
Melee: Short sword       ||   141
Throw: Large rock        ||     3
  Use: Scroll            ||     2
 Stab: Sleeping          ||     2
  Eat: Chunk             ||     2
       Royal jelly       ||     1
Armor: Robe              ||    32
Dodge: Dodged            ||   118

Table legend:
 A = Spawn XP
 B = Non-spawn XP
 C = Spawn XP percentage of total XP
 D = Spawn monster count
 E = Non-spawn monster count
 F = Spawn count percentage of total count
 G = Total turns spent on level
                    A         B        C        D         E        F      G
               +---------+---------+-------+---------+---------+-------+---------
         Total |       0 |      71 |   0.0 |       0 |      29 |   0.0 |  2199
               +---------+---------+-------+---------+---------+-------+---------
           D:1 |       0 |      25 |   0.0 |       0 |      14 |   0.0 |  1264
           D:2 |       0 |      46 |   0.0 |       0 |      15 |   0.0 |   935
               +---------+---------+-------+---------+---------+-------+---------
